 Dungeon Crawl Stone Soup version 0.20-b1-14-g8425815 (webtiles) character file.

9683 Snowbourne the Unseen (level 11, -4/47 HPs)
             Began as a Spriggan Enchanter on May 23, 2017.
             Was a Priest of Dithmenos.
             Slain by Frank's ghost (15 damage)
             ... on level 10 of the Dungeon.
             The game lasted 01:17:21 (12646 turns).

Snowbourne the Unseen (Spriggan Enchanter)         Turns: 12646, Time: 01:17:22

Health: -4/47      AC:  4    Str:  4    XL:     11   Next: 26%
Magic:  4/16       EV: 19    Int: 16    God:    Dithmenos [***...]
Gold:   427        SH:  0    Dex: 21    Spells: 3/15 levels left

rFire    + . .     SeeInvis +   q - +0 dagger (elec)
rCold    + . .     Gourm    .   (shield restricted)
rNeg     . . .     Faith    .   B - +2 robe {rC+ rF+}
rPois    .         Spirit   .   w - +0 hat
rElec    .         Reflect  .   (no cloak)
rCorr    .         Harm     .   (gloves unavailable)
MR       +....                  (boots unavailable)
Stlth    ++++++++++             (no amulet)
Regen    0.2/turn               l - ring of stealth
MPRegen  0.2/turn               (no ring)

@: wreathed by umbra, very quick
A: unfitting armour, see invisible, herbivore 3, speed 3, slow metabolism 2
a: Shadow Step, Renounce Religion


You were on level 10 of the Dungeon.
You worshipped Dithmenos.
Dithmenos was most pleased with you.
You were not hungry.

You visited 2 branches of the dungeon, and saw 11 of its levels.

You collected 427 gold pieces.

Inventory:

Hand Weapons
 a - a +1 dagger
 q - a +0 dagger of electrocution (weapon)
 F - a +0 vampiric dagger
Missiles
 C - 3 throwing nets (quivered)
Armour
 b - a +0 robe
 v - a +1 robe of the Archmagi
 w - a +0 hat (worn)
 B - a +2 robe of resistance (worn)
Jewellery
 l - a ring of stealth (left hand)
Wands
 r - a wand of paralysis (11/24)
 y - a wand of enslavement (16/24)
 A - a wand of confusion (37/48)
 E - a wand of enslavement (9/24)
 G - a wand of lightning (6/15)
Scrolls
 g - 4 scrolls of identify
 i - 2 scrolls of enchant armour {unknown}
 k - 2 scrolls of recharging {unknown}
 n - a scroll of blinking {unknown}
 o - 3 scrolls of remove curse
 s - a scroll of noise {unknown}
 u - 2 scrolls of teleportation {unknown}
 z - a scroll of random uselessness {unknown}
Potions
 e - 5 potions of haste
 f - 2 potions of magic {unknown}
 h - 4 potions of brilliance {unknown}
 j - 4 potions of flight {unknown}
 m - 2 potions of cancellation {unknown}
 p - 4 potions of heal wounds {unknown}
 t - 3 potions of curing {unknown}
 x - 8 potions of degeneration
 D - 2 potions of might {unknown}
Books
 c - a book of Maledictions

   Spells                             Type                      Level
   a - Corona                         Hexes                        1
   b - Ensorcelled Hibernation        Hexes/Ice                    2
   c - Confuse                        Hexes                        3
   d - Tukima's Dance                 Hexes                        3
   e - Dazzling Spray                 Conjuration/Hexes            3
Comestibles
 d - 8 bread rations


   Skills:
 - Level 1.1 Short Blades
 - Level 3.0 Dodging
 + Level 19.5 Stealth
 - Level 2.6 Spellcasting
 + Level 13.3 Hexes


You had 3 spell levels left.
You knew the following spells:

 Your Spells              Type           Power        Failure   Level  Hunger
a - Corona                Hex            #####..      1%          1    #......
b - Ensorcelled Hibernat  Hex/Ice        ###...       1%          2    ##.....
c - Confuse               Hex            #####...     1%          3    ###....
d - Dazzling Spray        Conj/Hex       ###...       3%          3    ###....
e - Tukima's Dance        Hex            #####...     1%          3    ###....


Dungeon Overview and Level Annotations

Branches:
Dungeon (10/15)            Temple (1/1) D:5             Orc (0/2) D:10
   Lair: D:8-11

Altars:
Ashenzari
Cheibriados
Dithmenos
Elyvilon
Fedhas
Gozag
Hepliaklqana
Kikubaaqudgha
Makhleb
Nemelex Xobeh
Okawaru
Qazlal
Ru
Sif Muna
Trog
Uskayaw
Vehumet
Xom
Yredelemnul
Zin
The Shining One

Annotations:
D:10 Frank's ghost, journeyman GrFi


Innate Abilities, Weirdness & Mutations

You are very small and have problems with some larger weapons.
You are too small for most types of armour.
You have supernaturally acute eyesight. (SInv)
You are a herbivore.
You cover ground extremely quickly.
You need consume almost no food.


Message History

You barely miss Frank's ghost.
Frank's ghost is almost destroyed.
The centaur warrior skeleton hits you.
You hit Frank's ghost but do no damage.
Frank's ghost is almost destroyed.
The centaur warrior skeleton closely misses you.
Frank's ghost seems less confused.
Frank's ghost completely misses you.
You barely miss Frank's ghost.
Frank's ghost is almost destroyed.
The centaur warrior skeleton hits you. Frank's ghost hits you!
The centaur warrior skeleton closely misses you.
You miss Frank's ghost.
Frank's ghost is almost destroyed.
Frank's ghost completely misses you. The centaur warrior skeleton hits you.
* * * LOW HITPOINT WARNING * * *
You miss Frank's ghost.
Frank's ghost is almost destroyed.
The centaur warrior skeleton completely misses you.
Frank's ghost hits you!
You die...

.#...#.......#####.#... #.######.
.#...#.............#'####........
.#...#........................)##
.#'###...............<>........#.
.......#####...................#.
.......# #...................#.
.......# #...)...............#.
.......# #...................#.
.......# #....@Z.............[.
.......# #....W.....#######..##
.<.....# #..........# #....
#####..# #.....)....# #....
#..#####..........# #.... ..
#....)............# #.... ...
#........###'#....# #....
#####........#...#....## #....
.............#...#.....# #....


You could see Frank's ghost and a centaur warrior skeleton.

Vanquished Creatures
  Erica (D:9)
  3 two-headed ogres
  Joseph (D:8)
  2 trolls
  Grinder (D:5)
  A hippogriff (D:9)
  Sigmund (D:4)
  Eustachio (D:6)
  5 yaks (D:10)
  The ghost of tof the Skirmisher, an amateur DsMo (D:3)
  2 hungry ghosts
  A swamp drake (D:10)
  5 orc warriors
  A black bear (D:8)
  2 ice beasts
  3 sky beasts
  4 necrophages
  A centaur (D:10)
  6 ogres
  A big kobold (D:8)
  A bullfrog (D:10)
  3 scorpions
  5 killer bees (D:7)
  7 howler monkeys
  7 wights
  4 crimson imps
  2 centaur zombies
  A quasit (D:10)
  A jelly (D:7)
  4 hounds
  6 orc priests
  10 orc wizards
  A centaur skeleton (D:8)
  3 iguanas
  6 worker ants
  Ijyb (D:4)
  2 hound zombies
  2 hound skeletons
  3 mummies (D:8)
  A worker ant zombie (D:10)
  6 gnolls
  5 adders
  2 shadow imps
  An ooze (D:2)
  2 adder skeletons (D:5)
  An adder zombie (D:8)
  4 worms
  A dart slug (D:2)
  2 leopard geckos
  36 orcs
  6 bats
  6 giant cockroaches
  6 goblins
  8 hobgoblins
  9 jackals
  8 kobolds
  2 quokkas
  5 ball pythons
  4 frilled lizards
  2 jackal skeletons
  A leopard gecko skeleton (D:5)
  A quokka zombie (D:8)
  6 rats
237 creatures vanquished.

Notes
Turn   | Place    | Note
-------+----------+-------------------------------------------
     0 | D:1      | Snowbourne the Spriggan Enchanter began the quest for the Orb.
     0 | D:1      | Reached XP level 1. HP: 9/9 MP: 5/5
   408 | D:1      | Reached skill level 5 in Stealth
   493 | D:1      | Reached XP level 2. HP: 13/13 MP: 6/6
   499 | D:1      | Learned a level 2 spell: Ensorcelled Hibernation
  1551 | D:2      | Found a shattered altar of Ashenzari.
  1640 | D:2      | Reached XP level 3. HP: 16/16 MP: 2/8
  1745 | D:2      | Learned a level 3 spell: Confuse
  1989 | D:2      | Found a bloodstained altar of Trog.
  2116 | D:2      | Found a deep blue altar of Sif Muna.
  2116 | D:2      | Found a hazy altar of Hepliaklqana.
  2118 | D:2      | Found a shimmering altar of Xom.
  2121 | D:2      | Found an opulent altar of Gozag.
  2182 | D:2      | Reached skill level 6 in Stealth
  2694 | D:3      | Found a radiant altar of Vehumet.
  2864 | D:3      | Reached XP level 4. HP: 21/21 MP: 2/9
  2987 | D:3      | Noticed tof's ghost (amateur DsMo)
  3005 | D:3      | Killed tof's ghost
  3005 | D:3      | Reached skill level 8 in Stealth
  3005 | D:3      | Reached skill level 5 in Hexes
  3005 | D:3      | Reached XP level 5. HP: 8/24 MP: 6/10
  3254 | D:3      | Learned a level 3 spell: Dazzling Spray
  4032 | D:4      | Noticed Ijyb
  4040 | D:4      | Killed Ijyb
  4040 | D:4      | Reached XP level 6. HP: 28/28 MP: 6/11
  4112 | D:4      | Reached skill level 9 in Stealth
  4126 | D:4      | Noticed Sigmund
  4127 | D:4      | Found a white marble altar of Elyvilon.
  4129 | D:4      | Killed Sigmund
  4129 | D:4      | Reached skill level 10 in Stealth
  4480 | D:4      | Reached XP level 7. HP: 32/32 MP: 12/12
  4733 | D:5      | Entered Level 5 of the Dungeon
  4745 | D:5      | Found a burning altar of Makhleb.
  4745 | D:5      | Noticed a blizzard demon
  4748 | D:5      | Noticed a neqoxec
  4748 | D:5      | Noticed a neqoxec
  4774 | D:5      | Noticed Grinder
  4834 | D:5      | Killed Grinder
  4834 | D:5      | Reached skill level 11 in Stealth
  5438 | D:5      | Found a staircase to the Ecumenical Temple.
  5444 | Temple   | Entered the Ecumenical Temple
  5503 | Temple   | Became a worshipper of Dithmenos the Shadowed
  6131 | D:5      | Reached skill level 12 in Stealth
  6228 | D:5      | Reached XP level 8. HP: 36/36 MP: 6/13
  6233 | D:5      | Learned a level 3 spell: Tukima's Dance
  6682 | D:6      | Found a radiant altar of Vehumet.
  6695 | D:6      | Noticed Eustachio
  6750 | D:6      | Killed Eustachio
  6750 | D:6      | Reached skill level 13 in Stealth
  7491 | D:7      | Reached skill level 14 in Stealth
  7512 | D:6      | Reached * piety under Dithmenos
  7934 | D:7      | Reached XP level 9. HP: 38/39 MP: 10/14
  8120 | D:7      | Reached skill level 15 in Stealth
  8833 | D:7      | Found a blossoming altar of Fedhas.
  8991 | D:7      | Reached skill level 16 in Stealth
  9030 | D:8      | Noticed Joseph
  9032 | D:8      | Reached ** piety under Dithmenos
  9051 | D:8      | Killed Joseph
  9159 | D:8      | Noticed a two-headed ogre
  9161 | D:8      | Reached skill level 10 in Hexes
  9168 | D:8      | Killed a two-headed ogre
  9168 | D:8      | Reached skill level 17 in Stealth
  9168 | D:8      | Reached XP level 10. HP: 43/44 MP: 15/15
  9800 | D:8      | Noticed a two-headed ogre
  9804 | D:8      | Killed a two-headed ogre
  9909 | D:8      | Reached skill level 18 in Stealth
 10136 | D:9      | Found a shattered altar of Ashenzari.
 10148 | D:9      | Noticed Erica
 10155 | D:9      | Killed Erica
 10489 | D:9      | Reached *** piety under Dithmenos
 11101 | D:10     | Entered Level 10 of the Dungeon
 11252 | D:10     | Reached skill level 19 in Stealth
 11306 | D:10     | Reached XP level 11. HP: 47/47 MP: 12/16
 11340 | D:10     | Noticed Frank's ghost (journeyman GrFi)
 11425 | D:10     | Noticed a two-headed ogre
 11726 | D:10     | Found a staircase to the Orcish Mines.
 12625 | D:10     | Killed a two-headed ogre
 12646 | D:10     | Slain by Frank's ghost

Skill      XL: |  1  2  3  4  5  6  7  8  9 10 11 |
---------------+----------------------------------+-----
Stealth        | 5 6 8 10 12 14 17 19 | 19.5
Hexes          | 4 5 6 7 8 10 12 13 | 13.3
Short Blades   | |  1.1
Dodging        | |  3.0
Spellcasting   | |  2.6

Action                   |  1- 3 |  4- 6 |  7- 9 | 10-12 || total
-------------------------+-------+-------+-------+-------++-------
Melee: Dagger            |   112 |    84 |   221 |   207 ||   624
 Cast: Corona            |     2 |       |       |       ||     2
       Ensorcelled Hiber |    31 |    32 |    56 |    66 ||   185
       Confuse           |     5 |     2 |    19 |    35 ||    61
Invok: Shadow Step       |       |       |       |     1 ||     1
  Use: Scroll            |       |     2 |     2 |       ||     4
 Stab: Sleeping          |    28 |    26 |    53 |    56 ||   163
       Confused          |     2 |     2 |    17 |    18 ||    39
       Distracted        |       |       |     1 |       ||     1
  Eat: Royal jelly       |     1 |       |       |     1 ||     2
       Bread ration      |       |     1 |       |     1 ||     2
       Fruit             |       |       |     8 |     3 ||    11
Armor: Robe              |    17 |    13 |    17 |    12 ||    59
Dodge: Dodged            |    81 |    94 |   155 |   148 ||   478
